 Dungeon Crawl Stone Soup version 0.14-a0-1719-ga7e7698 (webtiles) character file.

5797 Psiweapon the Covert (level 10, -1/61 HPs)
             Began as an Octopode Artificer on Jan 1, 2014.
             Was an Elder of Nemelex Xobeh.
             Killed from afar by an orc wizard (6 damage)
             ... with a magic dart
             ... on Level 11 of the Dungeon.
             The game lasted 01:43:06 (11455 turns).

Psiweapon the Covert (Octopode Artificer)          Turns: 11455, Time: 01:43:06

HP  -1/61        AC  0     Str  7      XL: 10   Next: 64%
MP  16/18        EV 26     Int 15      God: Nemelex Xobeh [****..]
Gold 468         SH  0     Dex 19      Spells:  1 memorised,  8 levels left

rFire  . . .     SeeInvis .     y - melded +2,+0 dagger (distort)
rCold  . . .     Clarity  +     O - melded +1 shield of Hadjma {rElec rF++ Int+4 SInv}
rNeg   . . .     Conserve .     (helmet currently unavailable)
rPois  .         rCorr    .     q - amulet of clarity
rElec  .         rRot     .     w - melded ring of protection from fire
SustAb . .       Spirit   .     C - melded ring of ice
rMut   .         Warding  .     R - melded ring of flight
Saprov . . .     Stasis   .     (ring currently unavailable)
                                (ring currently unavailable)
                                (ring currently unavailable)
                                (ring currently unavailable)
                                (ring currently unavailable)

@: bat-form (expiring), burdened, flying, very slightly contaminated, drained,
very quick, somewhat resistant to hostile enchantments, stealthy
A: almost no armour, amphibious, (8 rings), (constrict 8), (camouflage 0), (cold
resistance 0), low mp 1, mutation resistance 1, (gelatinous body 0)
a: End Transformation, Draw One, Peek at Two, Triple Draw, Deal Four, Renounce
Religion


You were on level 11 of the Dungeon.
You worshipped Nemelex Xobeh.
Nemelex Xobeh was greatly pleased with you.
You were encumbered.
You were hungry.
You were in bat-form.
You visited 2 branches of the dungeon, and saw 14 of its levels.

You collected 501 gold pieces.
You spent 33 gold pieces at shops.

Inventory:

Hand weapons
 y - a +2,+0 dagger of distortion (melded)
 G - a +1,+0 flail of holy wrath
 H - a +0,+2 orcish dagger of draining
 K - a -1,+1 orcish flail of protection
Missiles
 F - 3 poisoned tomahawks
 L - a tomahawk (quivered)
Armour
 O - the +1 shield of Hadjma (melded) {rElec rF++ Int+4 SInv}
   (You found it on level 6 of the Dungeon)

   It affects your intelligence (+4).
   It greatly protects you from fire.
   It insulates you from electricity.
   It enhances your eyesight.
Magical devices
 c - a wand of enslavement (0)
 e - a wand of teleportation (3)
 l - a wand of flame (15)
 m - a wand of magic darts (0)
 x - a wand of enslavement (6)
 J - a wand of fireball (0)
 P - a wand of heal wounds (5)
 Z - a wand of polymorph (9)
Comestibles
 d - a royal jelly
 f - 4 bread rations
 n - a chunk of jackal flesh
 o - 2 pears
 v - a meat ration
 B - a lemon
Scrolls
 b - 3 scrolls of vulnerability
 r - 4 scrolls of teleportation
 s - a scroll of blinking {unknown}
 u - a scroll of recharging
 A - a scroll of fear {unknown}
 D - 3 scrolls of remove curse
 M - a scroll of curse weapon {unknown}
 N - a scroll of enchant armour {unknown}
 Q - 2 scrolls of enchant weapon II {=p, unknown}
 W - a scroll of amnesia {unknown}
 Y - a scroll of enchant weapon I {unknown}
Jewellery
 q - an amulet of clarity (around neck)
 t - an uncursed ring of teleport control {unknown}
 w - a ring of protection from fire (melded)
 C - a ring of ice (melded)
 R - a ring of flight (melded)
 T - an uncursed amulet of conservation
Potions
 g - 2 potions of curing
 h - a potion of confusion {unknown}
 j - 2 potions of restore abilities
 k - a potion of poison {unknown}
 z - a potion of agility
 E - a potion of invisibility
 S - 2 potions of brilliance {unknown}
 U - a potion of beneficial mutation {unknown}
 V - 2 potions of might
Books
 X - a book of Frost

   Spells                             Type                      Level
   *Freeze                            Ice                          1
   Throw Frost                        Conjuration/Ice              2
   Ozocubu's Armour                   Charms/Ice                   3
   Throw Icicle                       Conjuration/Ice              4
   Summon Ice Beast                   Ice/Summoning                4
   Condensation Shield                Ice                          4
Miscellaneous
 i - a plain deck of escape {drawn: 6}
 p - a disc of storms {=p}
Rods
 a - a +9 rod of inaccuracy (13/13)
   (You acquired it on level 9 of the Dungeon)


   Skills:
 - Level 2.4(1.7) Fighting
 - Level 7.1(6.3) Short Blades
 - Level 7.3(6.5) Dodging
 - Level 10.1(9.3) Stealth
 - Level 7.4(6.6) Shields
 + Level 7.2(6.4) Evocations


You had 8 spell levels left.
You knew the following spells:

 Your Spells              Type           Power        Failure   Level  Hunger
a - Freeze                Ice            #...         50%         1    ##.....


Dungeon Overview and Level Annotations

Branches:
Dungeon (13/16)            Temple (1/1) D:4
    Orc: D:9-12        Lair: D:8-11

Altars:
Ashenzari
Cheibriados
Elyvilon
Kikubaaqudgha
Makhleb
Nemelex Xobeh
Sif Muna
Trog
Vehumet
the Shining One

Shops:
D:5 *   D:9 }

Annotations:
D:4 Sigmund
D:8 Gastronok
D:11 Nergalle, Urug
Abyss:1 Harold


Innate Abilities, Weirdness & Mutations

You cannot wear most types of armour.
You are amphibious.
((You can wear up to eight rings at the same time.))*
((You can use your tentacles to constrict many enemies at once.))*
((Your skin changes colour to match your surroundings (Stlth).))*
((Your rubbery body absorbs attacks (AC +1).))*
((Your flesh is cold resistant.))*
Your magical capacity is low (-10% MP).
You are somewhat resistant to further mutation.


Message History

You hit it but do no damage. It misses you.
You hit it but do no damage. You hit it but do no damage.
You hear some strange, mumbled words.
You feel momentarily confused.
You completely miss it. It hits you.
* * * LOW HITPOINT WARNING * * *
You hit it but do no damage.
Use which ability? (? or * to list)
You fail to use your ability.
It closely misses you.
Use which ability? (? or * to list) Draw from which deck? (? for menu, Esc to quit)
You draw a card...
It is the Banshee.
You hear some strange, mumbled words.
You feel momentarily confused.
You barely miss it.
You hear some strange, mumbled words.
The magic dart hits you!
You die...
Your body glows slightly and disappears.

#..C..##.........#..###
##.....##.#######......#
........C.r.......#..#.#
.......##o#########%.#.###.#
..##...##.........%........#
..##.......########..#.###.#
..##.##...z# #..#.#
..##.....H.########..#.#
..#####...###...b##..#.#
####^.....# #H#####..#.#
####.#.# #.# #..#.#
#######.#.###.# #..#.#
........#.#<#.# #..#.
#########.#.#.#####..#.#
....................>.#
##########.#.#####....#
..........#.# #....#


You could see a hippogriff.

Vanquished Creatures
  Edmund (D:5)
  2 two-headed ogres
  A raven (D:9)
  A wyvern (D:9)
  3 yaks
  A hungry ghost (D:9)
  A warg (D:9)
  2 sky beasts
  A black bear (D:8)
  2 orc warriors
  2 centaurs
  6 ogres
  A phantom (D:5)
  5 giant frogs
  2 ice beasts
  5 crimson imps
  A goliath beetle (D:10)
  3 iguanas
  3 orc priests (D:3)
  3 jellies
  4 orc wizards
  4 hounds
  A scorpion (D:5)
  A hound zombie (D:5)
  A hound skeleton (D:6)
  A worker ant zombie (D:3)
  11 adders
  6 gnolls
  A green rat (D:11)
  A giant mite (D:10)
  2 worms
  5 giant geckos
  33 orcs
  4 ball pythons
  5 giant cockroaches
  13 hobgoblins
  9 jackals
  5 quokkas
  4 worker ants
  26 bats
  5 giant newts
  A giant newt skeleton (D:5)
  2 giant spores
  12 goblins
  22 kobolds
  A kobold skeleton (D:6)
  An orc skeleton (D:9)
  A quokka skeleton (D:5)
  19 rats
  A rat skeleton (D:6)
  A ballistomycete (D:10)
249 creatures vanquished.

Vanquished Creatures (collateral kills)
  The ghost of Bastard the Conjurer, an experienced TeCj of Vehumet (D:6)
  A yak (D:9)
  An ogre (D:4)
  A giant frog (D:9)
  3 wights
  A hound (D:4)
  An orc wizard (D:10)
  An adder (D:10)
  A worm (D:3)
  An adder zombie (D:6)
  2 giant eyeballs
  5 orcs
  3 jackals (D:6)
22 creatures vanquished.

Vanquished Creatures (others)
  A dancing weapon (D:5)
  2 yaks
  A hippogriff (D:10)
  An ogre (D:7)
  An orc warrior (D:10)
  A giant frog (D:7)
  A goliath beetle (D:7)
  An orc wizard (D:11)
  2 giant frog skeletons (D:5)
  A mummy (D:10)
  2 gnolls (D:7)
  An ufetubus (D:4)
  2 orcs
  A ball python skeleton (D:5)
  A ballistomycete (D:10)
19 creatures vanquished.

Grand Total: 290 creatures vanquished

Notes
Turn   | Place    | Note
--------------------------------------------------------------
     0 | D:1      | Psiweapon, the Octopode Artificer, began the quest for the Orb.
     0 | D:1      | Reached XP level 1. HP: 13/13 MP: 1/1
   187 | D:1      | Reached XP level 2. HP: 18/18 MP: 3/3
   250 | D:2      | Found a radiant altar of Vehumet.
   250 | D:2      | Found a deep blue altar of Sif Muna.
  1233 | D:2      | Reached skill level 4 in Evocations
  1233 | D:2      | Reached XP level 3. HP: 8/23 MP: 5/5
  1635 | D:2      | Found an ancient bone altar of Kikubaaqudgha.
  1680 | D:2      | Noticed Jessica
  1682 | D:2      | Noticed Jessica
  1682 | D:2      | Jessica changed into Jessica the orc
  1688 | D:2      | Killed Jessica the orc
  2062 | D:2      | Found a bloodstained altar of Trog.
  2282 | D:2      | Reached XP level 4. HP: 28/28 MP: 6/6
  3130 | D:3      | Found a sparkling altar of Nemelex Xobeh.
  3141 | D:3      | Became a worshipper of Nemelex Xobeh
  3143 | D:3      | Reached XP level 5. HP: 33/33 MP: 8/8
  3172 | D:3      | Received a gift from Nemelex Xobeh
  3501 | D:3      | Acquired Nemelex Xobeh's first power
  3910 | D:4      | Reached XP level 6. HP: 30/39 MP: 10/10
  3981 | D:4      | Found a staircase to the Ecumenical Temple.
  3982 | D:4      | Noticed an ogre
  4018 | D:3      | Gained mutation: Your magical capacity is low (-10% MP). [potion of mutation]
  4018 | D:3      | Gained mutation: You are somewhat resistant to further mutation. [potion of mutation]
  4020 | D:3      | Gained mutation: Your flesh is cold resistant. [potion of mutation]
  4112 | D:4      | Noticed a cyan ugly thing
  4125 | D:4      | Reached skill level 5 in Evocations
  4125 | D:4      | Killed an ogre
  4159 | D:4      | Received a gift from Nemelex Xobeh
  4167 | Temple   | Entered the Ecumenical Temple
  4369 | D:4      | Noticed Sigmund
  4423 | D:4      | Found a white marble altar of Elyvilon.
  4634 | D:5      | Entered Level 5 of the Dungeon
  4713 | D:6      | Got a distressingly furry shield
  4735 | D:5      | Acquired Nemelex Xobeh's second power
  4788 | D:5      | Identified the +1 shield of Hadjma {rElec rF++ Int+4 SInv} (You found it on level 6 of the Dungeon)
  4973 | D:5      | Found Dih Adann's General Store.
  4976 | D:5      | Bought a potion of mutation for 33 gold pieces
  5125 | D:5      | Found a shattered altar of Ashenzari.
  5131 | D:5      | Reached skill level 1 in Shields
  5131 | D:5      | Reached XP level 7. HP: 45/45 MP: 11/11
  5478 | D:5      | Reached skill level 5 in Stealth
  5941 | D:6      | Noticed Edmund
  5965 | D:6      | Noticed Bastard's ghost (experienced TeCj)
  6000 | D:6      | Killed Bastard's ghost
  6000 | D:6      | Reached skill level 6 in Stealth
  6000 | D:6      | Reached XP level 8. HP: 19/51 MP: 13/13
  6018 | D:5      | Edmund (ally) was killed
  6018 | D:5      | Your ally died
  6394 | D:6      | Reached skill level 5 in Dodging
  6740 | D:6      | Found a glowing golden altar of the Shining One.
  6820 | D:7      | Reached skill level 7 in Stealth
  6836 | D:7      | Received a gift from Nemelex Xobeh
  7274 | D:7      | Reached skill level 5 in Short Blades
  7274 | D:7      | Reached XP level 9. HP: 55/55 MP: 15/15
  7285 | D:7      | Found a burning altar of Makhleb.
  7286 | D:7      | Noticed a blizzard demon
  7296 | D:7      | Learned a level 1 spell: Freeze
  7475 | D:7      | Reached skill level 8 in Stealth
  7751 | D:7      | Acquired Nemelex Xobeh's third power
  7802 | D:7      | Received a gift from Nemelex Xobeh
  8324 | D:8      | Noticed Gastronok
  8336 | D:9      | Reached skill level 5 in Shields
  8448 | D:9      | Reached skill level 9 in Stealth
  8524 | D:9      | Identified 2 scrolls of acquirement
  8547 | D:9      | Found Pseah's Gadget Emporium.
  8867 | D:9      | Received a gift from Nemelex Xobeh
  8886 | D:9      | Found a snail-covered altar of Cheibriados.
  9046 | D:9      | Reached XP level 10. HP: 61/61 MP: 16/16
  9344 | D:9      | Reached skill level 10 in Stealth
  9346 | D:9      | Acquired Nemelex Xobeh's fourth power
  9603 | D:10     | Entered Level 10 of the Dungeon
  9869 | D:10     | Noticed Harold
  9875 | D:9      | Banished Harold
 10142 | D:10     | Paralysed by a giant eyeball for 2 turns
 10152 | D:10     | Paralysed by a giant eyeball for 3 turns
 10599 | D:10     | Noticed a hill giant
 10982 | D:11     | Noticed a hill giant
 11295 | D:11     | Noticed Urug
 11298 | D:11     | Noticed Nergalle
 11395 | D:11     | HP: 2/61 [deep elf fighter/arrow (11)]
 11455 | D:11     | Killed from afar by an orc wizard

Action                   |  1- 3 |  4- 6 |  7- 9 | 10-12 || total
-------------------------+-------+-------+-------+-------++-------
Melee: Short sword       |    78 |   108 |       |       ||   186
       Dagger            |       |    21 |   184 |   192 ||   397
       Unarmed           |       |     6 |       |    11 ||    17
       Flail             |       |       |     4 |       ||     4
 Fire: Sling             |       |       |    12 |       ||    12
Throw: Stone             |       |     1 |     4 |     2 ||     7
       Tomahawk          |       |       |    21 |    23 ||    44
Invok: Draw One          |       |       |    12 |     3 ||    15
       Peek at Two       |       |       |     2 |       ||     2
       Triple Draw       |       |       |     1 |       ||     1
       Deal Four         |       |       |       |     1 ||     1
Evoke: Wand              |    10 |    14 |    29 |    24 ||    77
       Deck              |       |    11 |     3 |       ||    14
  Use: Potion            |     1 |     8 |       |       ||     9
       Scroll            |       |    11 |    10 |     2 ||    23
 Stab: Sleeping          |     9 |    13 |    25 |     5 ||    52
       Distracted        |       |       |     1 |     1 ||     2
